 Dungeon Crawl Stone Soup version 0.19-a0-1072-g3763c35 (webtiles) character file.

7272 Jarlath the Thaumaturge (level 10, -4/56 HPs)
             Began as a High Elf Ice Elementalist on Aug 5, 2016.
             Was an Elder of Vehumet.
             Shot with a sling bullet by Joseph (13 damage)
             ... on level 8 of the Dungeon.
             The game lasted 00:25:49 (15301 turns).

Jarlath the Thaumaturge (HEIE)                     Turns: 15301, Time: 00:25:49

Health: -4/56      AC:  5    Str:  7    XL:     10   Next: 89%
Magic:  2/26       EV: 16    Int: 21    God:    Vehumet [****..]
Gold:   561        SH:  0    Dex: 16    Spells: 4 memorised, 19 levels left

rFire  + . .     SeeInvis .     q - +1 dagger (drain)
rCold  . . .     Gourm    .     m - +1 steam dragon armour
rNeg   . . .     Faith    .     (no shield)
rPois  .         Spirit   .     a - +0 helmet
rElec  .         Dismiss  .     t - +0 cloak
rCorr  .         Reflect  .     (no gloves)
SustAt .         Harm     .     (no boots)
MR     +....                    (no amulet)
Stlth  ++........               (no ring)
                                n - ring of wizardry

@: flying, drained
A: deformed body, dopey 1, fire resistance 1
a: Renounce Religion


You were on level 8 of the Dungeon.
You worshipped Vehumet.
Vehumet was greatly pleased with you.
You were hungry.

You visited 3 branches of the dungeon, and saw 12 of its levels.
You also visited: Sewer and Bailey.

You collected 561 gold pieces.

Inventory:

Hand Weapons
 q - a +1 dagger of draining (weapon)
 s - a +2 dagger of venom
Armour
 a - a +0 helmet (worn)
 l - a troll hide
 m - a +1 steam dragon armour (worn)
 t - a +0 cloak (worn)
Jewellery
 n - a ring of wizardry (left hand)
Wands
 j - a wand of hasting (5/9)
 r - a wand of disintegration (0/24)
Scrolls
 e - 4 scrolls of remove curse
 g - 3 scrolls of random uselessness
 h - 2 scrolls of magic mapping
 v - 2 scrolls of amnesia
Books
 b - a book of Frost

   Spells                             Type                      Level
   a - Freeze                         Ice                          1
   b - Throw Frost                    Conjuration/Ice              2
   c - Ozocubu's Armour               Charms/Ice                   3
   d - Throw Icicle                   Conjuration/Ice              4
   e - Summon Ice Beast               Ice/Summoning                4
 o - Sif Muna's Volume of Earth
   (You found it on level 9 of the Dungeon)

   Spells                             Type                      Level
   a - Sandblast                      Earth                        1
 p - a Grand Grimoire

   Spells                             Type                      Level
   a - Monstrous Menagerie            Summoning                    7
   b - Summon Greater Demon           Summoning                    7
   c - Malign Gateway                 Summoning/Translocation      7
   d - Summon Horrible Things         Summoning                    8
Comestibles
 c - 7 royal jellies
 i - 2 meat rations
 u - 4 fruits


   Skills:
 - Level 1.1(0.4) Armour
 - Level 7.3(6.4) Dodging
 - Level 2.1(1.4) Stealth
 - Level 11.3(10.4) Spellcasting
 - Level 1.1(0.4) Conjurations
 * Level 7.6(6.7) Summonings
 - Level 8.7(7.8) Ice Magic


You had 19 spell levels left.
You knew the following spells:

 Your Spells              Type           Power        Failure   Level  Hunger
a - Freeze                Ice            ####         1%          1    None
b - Summon Ice Beast      Ice/Summ       #####...     1%          4    ##.....
c - Throw Icicle          Conj/Ice       ####....     1%          4    ##.....
d - Ozocubu's Armour      Chrm/Ice       ####....     1%          3    None


Dungeon Overview and Level Annotations

Branches:
Dungeon (10/15)            Temple (1/1) D:4            Lair (1/6) D:8
    Orc: D:9-12

Altars:
Ashenzari
Cheibriados
Dithmenos
Elyvilon
Fedhas
Gozag
Hepliaklqana
Kikubaaqudgha
Makhleb
Nemelex Xobeh
Okawaru
Pakellas
Qazlal
Ru
Sif Muna
Trog
Uskayaw
Vehumet
Xom
Yredelemnul
Zin
The Shining One

Annotations:
D:8 Joseph


Innate Abilities, Weirdness & Mutations

Armour fits poorly on your strangely shaped body.
You are dopey. (Int -2)
Your flesh is heat resistant. (rF+)


Message History

You fly up into the air.
Joseph shouts!
Casting: Throw Icicle
Confirm with . or Enter, or press ? or * to list all spells.
Aiming: Throw Icicle
Press: ? - help, Shift-Dir - straight line, f/p - wight
Aim: a wight, wielding an enchanted dire flail and wearing a robe (lightly damaged)
The shard of ice hits the wight.
The wight partially resists.
The wight is heavily damaged.
The adder hisses angrily.
Joseph shoots a sling bullet.
The sling bullet hits you!
You hear a splash.
Unknown command.
As you read the scroll of fog, it crumbles to dust.
The scroll dissolves into smoke.
Joseph shoots a sling bullet.
The sling bullet hits you!
* * * LOW HITPOINT WARNING * * *
You hear a splash.
Joseph shoots a sling bullet.
The sling bullet hits you!
You die...

,,,*,* ###.#.#..### #....[..#
,,,,,* #..###...### #.......###
,,**** #.#.#.#....# #..........
*.# ##.##.##..#.###.......... #.#
#...................<.### #.#
#.....[.≈......≈....).# #.#
#..≈....≈...≈≈≈..###.## #.#
#..(....≈≈z≈.≈≈..# #.# #.#
#..≈≈≈≈S@§§≈≈≈...# #.# #.#
#....≈≈§§§§≈≈≈...# #.#### ..#
#....≈≈≈§§§≈≈≈≈≈≈# #.....
#(#######..≈≈≈(.§§≈.≈≈≈≈≈###.####
#(......@...@≈≈....≈≈≈≈≈≈#.....#
#########..≈≈≈.≈.>.≈≈≈≈≈≈#.###.#
># #.≈..≈≈....≈≈≈≈≈≈..# #.# .#
#...≈≈≈.≈..≈≈≈≈≈≈..###.# .#
**#...≈≈≈...≈.≈≈≈≈.......#


You could see Joseph, a wight and an adder.

Vanquished Creatures
  A centaur zombie (D:9)
  2 trolls
  The ghost of BeowulfAlex the Changer, an amateur OpTm (D:4)
  Sigmund (D:2)
  A yak (D:10)
  Grum (D:8)
  A hippogriff (D:8)
  A steam dragon (D:5)
  A water moccasin (D:9)
  3 orc warriors
  Purgy (Sewer)
  2 phantoms (D:7)
  4 sky beasts
  A black bear (D:7)
  2 ogres
  An ice beast (D:8)
  4 centaurs
  4 wolves
  2 big kobolds
  4 giant frogs
  A scorpion (D:9)
  4 killer bees (D:7)
  6 wights
  An electric eel (D:8)
  A howler monkey (D:4)
  8 hounds
  A centaur skeleton (D:9)
  2 giant frog skeletons
  6 orc priests
  7 jellies
  Jessica (D:2)
  An iguana (D:8)
  11 orc wizards
  5 worker ants
  A hound skeleton (D:5)
  Robin (D:1)
  2 gnolls (D:4)
  13 adders
  A shadow imp (D:7)
  7 oozes
  2 adder skeletons
  3 worms
  A dart slug (D:2)
  5 giant geckos
  20 orcs
  A ball python (D:4)
  6 giant cockroaches
  16 goblins
  7 hobgoblins
  7 jackals
  18 kobolds
  3 quokkas
  2 bats (D:1)
  4 giant newts
  9 rats
222 creatures vanquished.

Vanquished Creatures (collateral kills)
  A hill giant (D:8)
  Pikel (D:7)
  Prince Ribbit (D:6)
  A steam dragon (D:6)
  A hungry ghost (D:9)
  Menkaure (D:4)
  Duvessa (D:7)
  2 phantoms
  An ice beast (D:9)
  3 orc warriors
  An ogre (D:9)
  A giant frog (D:9)
  Dowan (D:7)
  A howler monkey (D:6)
  A giant frog zombie (D:6)
  An orc priest (D:6)
  Crazy Yiuf (D:6)
  2 iguanas
  An orc wizard (D:9)
  A hound zombie (D:6)
  3 gnolls
  5 orcs
  A hobgoblin (Bailey)
  8 kobolds (Bailey)
  A fungus (D:5)
42 creatures vanquished.

Vanquished Creatures (others)
  A crimson imp (D:7)
  A hound (D:7)
  A worker ant (D:7)
  An adder (D:10)
  An orc (D:7)
  2 fungi (D:5)
7 creatures vanquished.

Grand Total: 271 creatures vanquished

Notes
Turn   | Place    | Note
-------+----------+-------------------------------------------
     0 | D:1      | Jarlath the High Elf Ice Elementalist began the quest for the Orb.
     0 | D:1      | Reached XP level 1. HP: 11/11 MP: 4/4
   380 | D:1      | Reached XP level 2. HP: 17/17 MP: 2/6
   938 | D:2      | Reached skill level 3 in Spellcasting
   938 | D:2      | Reached XP level 3. HP: 17/21 MP: 1/8
  1170 | D:2      | Noticed Jessica
  1181 | D:2      | Found an opulent altar of Gozag.
  1185 | D:2      | Found an oddly glowing altar of Pakellas.
  1501 | D:2      | Found a sparkling altar of Nemelex Xobeh.
  1579 | D:2      | Noticed Sigmund
  1653 | D:2      | Killed Jessica
  1653 | D:2      | Reached XP level 4. HP: 17/27 MP: 5/10
  1654 | D:2      | Noticed Robin
  1655 | D:2      | Reached skill level 4 in Spellcasting
  2110 | D:1      | Killed Robin
  2367 | D:2      | Killed Sigmund
  2367 | D:2      | Reached skill level 5 in Spellcasting
  2367 | D:2      | Reached XP level 5. HP: 21/31 MP: 5/14
  2490 | D:2      | Learned a level 4 spell: Summon Ice Beast
  2726 | D:3      | Reached XP level 6. HP: 31/36 MP: 9/15
  2762 | D:3      | Learned a level 4 spell: Throw Icicle
  2856 | D:3      | Found a stormy altar of Qazlal.
  2950 | D:3      | Found a shadowy altar of Dithmenos.
  2979 | D:3      | Found a glowing drain.
  2990 | D:3      | Reached skill level 1 in Summonings
  3027 | Sewer    | Entered a sewer
  3030 | Sewer    | Noticed Purgy
  3048 | Sewer    | Killed Purgy
  3048 | Sewer    | Reached skill level 5 in Ice Magic
  3724 | D:4      | Found a staircase to the Ecumenical Temple.
  3797 | Temple   | Entered the Ecumenical Temple
  3827 | Temple   | Became a worshipper of Vehumet
  3889 | D:4      | Noticed BeowulfAlex's ghost (amateur OpTm)
  3932 | D:4      | Killed BeowulfAlex's ghost
  3932 | D:4      | Reached XP level 7. HP: 24/41 MP: 1/16
  4491 | D:4      | Noticed Menkaure
  4500 | D:4      | Killed Menkaure
  4744 | D:4      | Gained mutation: Your flesh is heat resistant. (rF+) [potion of mutation]
  4744 | D:4      | Gained mutation: Armour fits poorly on your strangely shaped body. [potion of mutation]
  4744 | D:4      | Gained mutation: You are dopey. (Int -2) [potion of mutation]
  5230 | D:5      | Entered Level 5 of the Dungeon
  5438 | D:5      | Reached skill level 5 in Summonings
  5566 | D:5      | Found a snail-covered altar of Cheibriados.
  5727 | D:5      | Reached XP level 8. HP: 38/46 MP: 13/17
  5735 | D:5      | Learned a level 3 spell: Ozocubu's Armour
  5835 | D:5      | Reached * piety under Vehumet
  5835 | D:5      | Offered knowledge of Flame Tongue by Vehumet.
  6005 | D:5      | Reached skill level 6 in Spellcasting
  6781 | D:6      | Reached skill level 7 in Spellcasting
  7230 | D:6      | Found a hazy altar of Hepliaklqana.
  7279 | D:6      | Noticed Prince Ribbit
  7289 | D:6      | Killed Prince Ribbit
  7328 | D:6      | HP: 1/46 [sky beast (6)]
  7335 | D:6      | Reached skill level 8 in Spellcasting
  7905 | D:6      | Found a shattered altar of Ashenzari.
  7906 | D:6      | Found a bloodstained altar of Trog.
  7991 | D:6      | Found a runed door.
  8167 | D:6      | Noticed Crazy Yiuf
  8177 | D:6      | Killed Crazy Yiuf
  8193 | D:6      | Reached skill level 1 in Armour
  8311 | D:7      | Noticed Duvessa
  8926 | D:7      | Reached XP level 9. HP: 51/51 MP: 9/22
  9653 | D:7      | Noticed Pikel
  9669 | D:7      | Noticed Dowan
  9681 | D:7      | Killed Duvessa
  9686 | D:7      | Killed Dowan
 10133 | D:7      | Killed Pikel
 10133 | D:7      | Reached skill level 5 in Dodging
 10365 | D:7      | HP: 1/76 [something/puff of flame (9)]
 10895 | D:7      | Offered knowledge of Throw Flame by Vehumet.
 11052 | D:7      | Reached ** piety under Vehumet
 11681 | D:8      | Found a hide-covered altar of Uskayaw.
 11980 | D:8      | Found a staircase to the Lair.
 12007 | D:8      | Reached skill level 9 in Spellcasting
 12010 | D:8      | Noticed Joseph
 12071 | D:8      | Found a flagged portal.
 12086 | Bailey   | Entered a bailey
 12119 | Bailey   | Offered knowledge of Searing Ray by Vehumet.
 12283 | Bailey   | Reached XP level 10. HP: 56/56 MP: 16/24
 12396 | Bailey   | Found an iron altar of Okawaru.
 12572 | D:8      | Reached skill level 10 in Spellcasting
 12679 | D:8      | Reached *** piety under Vehumet
 12716 | D:8      | Noticed a hill giant
 12733 | D:8      | Killed a hill giant
 12765 | D:8      | Noticed Grum
 13416 | D:9      | Offered knowledge of Conjure Flame by Vehumet.
 13978 | D:9      | Reached skill level 11 in Spellcasting
 13983 | D:9      | Found a deep blue altar of Sif Muna.
 14000 | D:9      | Identified Sif Muna's Volume of Earth
 14199 | D:10     | Entered Level 10 of the Dungeon
 14216 | D:10     | Noticed a fire dragon
 14221 | D:10     | Noticed a hill giant
 14750 | D:10     | Reached **** piety under Vehumet
 15048 | Lair:1   | Entered Level 1 of the Lair of Beasts
 15205 | D:8      | Killed Grum
 15301 | D:8      | Shot with a sling bullet by Joseph

Vault maps used:
D:1:      sevenhm_arrival_forest_fort_large_4
D:2:      nicolae_overflow_crystal_walls, minitemple, serial_glass,
          glass_columns_c, glass_columns_a, minmay_misc_feat_iff, uniq_jessica,
          uniq_robin, uniq_sigmund
D:3:      lemuel_round_altar, nicolae_dithmenos_shadow_blocks,
          gup_sewer_entry_glass, first_bread
D:4:      uniq_menkaure
D:5:      kennysheep_steamy, kennysheep_mini_moat, serial_curves,
          eino_curves_01, eino_curves_03
D:6:      lemuel_doored_altar, amethyst_overflow_temple_binary,
          grunt_ministairs_15, uniq_prince_ribbit1, uniq_crazy_yiuf_cottage
D:7:      uniq_duvessa, uniq_pikel
D:8:      erik_lair_island, basic_altar, enter_bailey_3,
          hangedman_little_slice_of_home, uniq_joseph, uniq_grum
D:9:      led_sif_book, minmay_misc_feat_tiny
D:10:     hangedman_cross_cluster
Temple:   minmay_temple_bridge_abc
Lair:1:   st_stairs_11, small_statue_intersection,
          eino_small_chamber_without_monster, grunt_megastairs_2
Sewer:    kennysheep_door_sewer
Bailey:   bailey_axe_3, bailey

Skill      XL: |  1  2  3  4  5  6  7  8  9 10 |
---------------+-------------------------------+-----
Spellcasting   | 3 5 8 9 11 | 11.3
Ice Magic      | 4 5 6 7 8 |  8.7
Summonings     | 3 5 7 |  7.6
Armour         | 1 |  1.1
Dodging        | 7 |  7.3
Stealth        | |  2.1
Conjurations   | |  1.1

Action                   |  1- 3 |  4- 6 |  7- 9 | 10-12 || total
-------------------------+-------+-------+-------+-------++-------
Melee: Unarmed           |     6 |    27 |       |       ||    33
       Dagger            |       |    27 |   270 |   187 ||   484
 Cast: Freeze            |    45 |    93 |   109 |    12 ||   259
       Summon Ice Beast  |       |     2 |    41 |    16 ||    59
       Throw Icicle      |       |       |    60 |    93 ||   153
       Ozocubu's Armour  |       |       |     1 |     2 ||     3
Evoke: Wand              |       |     4 |       |     1 ||     5
  Use: Potion            |     2 |     2 |    10 |     5 ||    19
       Scroll            |    10 |       |    15 |     3 ||    28
 Stab: Sleeping          |     1 |     1 |     4 |     1 ||     7
       Distracted        |       |     1 |     2 |       ||     3
  Eat: Chunk             |     2 |     5 |     5 |     7 ||    19
       Beef jerky        |       |     1 |     1 |       ||     2
       Bread ration      |       |       |     4 |       ||     4
       Royal jelly       |       |       |     2 |     2 ||     4
       Meat ration       |       |       |     2 |       ||     2
       Fruit             |       |       |     1 |       ||     1
Armor: Robe              |     8 |       |       |       ||     8
       Leather armour    |     5 |    44 |    38 |       ||    87
       Steam dragon armo |       |       |    20 |    49 ||    69
       Skin              |       |       |     9 |       ||     9
Dodge: Dodged            |    31 |    75 |   277 |   241 ||   624
